 Dungeon Crawl Stone Soup version 0.31.0-12-g77e489cdc1 (webtiles) character file.

Game seed: 17477528305599056355

188 jondeez the Grave Robber (level 5, -10/36 HPs)
             Began as a Human Necromancer on Mar 6, 2024.
             Was a Plaything of Xom.
             Mangled by Menkaure (15 damage)
             ... on level 4 of the Dungeon on Mar 7, 2024.
             The game lasted 00:11:00 (1632 turns).

jondeez the Grave Robber (Human Necromancer)        Turns: 1632, Time: 00:11:03

Health: -10/36     AC:  3    Str:  8    XL:     5   Next: 67%
Magic:  10/10      EV: 12    Int: 17    God:    Xom [.....*]
Gold:   152        SH:  0    Dex: 14    Spells: 10/11 levels left

rFire   . . .        o - +1 whip
rCold   x . .        (no shield)
rNeg    . . .        a - +1 robe
rPois   .            (no helmet)
rElec   .            (no cloak)
rCorr   .            (no gloves)
SInv    .            (no boots)
Will    .....        (no amulet)
Stlth   ++           (no ring)
HPRegen 0.26/turn    (no ring)
MPRegen 0.12/turn

%: no passive effects
@: no status effects
A: explore regen, screaming 1, cold vulnerability 1
a: Renounce Religion


You were on level 4 of the Dungeon.
You worshipped Xom.
You were Xom's teddy bear.
You visited 1 branch of the dungeon, and saw 4 of its levels.

You collected 152 gold pieces.

Inventory:

Hand Weapons
 o - a +1 whip (weapon)
Armour
 a - a +1 robe (worn)
Wands
 n - a wand of flame (12)
Scrolls
 c - 3 scrolls of identify
Potions
 b - a potion of cancellation
 d - a potion of attraction
 e - 2 potions of ambrosia
 g - a potion of lignification


   Skills:
 + Level 0.3 Fighting
 + Level 2.3 Dodging
 + Level 2.0 Stealth
 + Level 0.8 Unarmed Combat
 + Level 3.5 Spellcasting
 + Level 5.4 Necromancy


You had 10 spell levels left.
You knew the following spells:

 Your Spells              Type           Power      Damage    Failure   Level
a - Necrotise             Necr           84%        1d8       1%          1

Your spell library contained the following spells:

 Spells                   Type           Power      Damage    Failure   Level
 Sublimation of Blood     Necr           21%        N/A       2%          2
 Vampiric Draining        Necr           21%        2d7       5%          3
 Animate Dead             Necr           21%        N/A       17%         4
 Call Imp                 Summ           4%         N/A       26%         2
 Curse of Agony           Necr           21%        N/A       43%         5
 Summon Hydra             Summ           1%         N/A       100%        7


Dungeon Overview and Level Annotations

Branches:
Dungeon (4/15)
 Temple: D:4-7

Altars:
Makhleb
Nemelex Xobeh
Xom
Yredelemnul
Zin

Annotations:
D:4 Menkaure


Innate Abilities, Weirdness & Mutations

You regain HP and MP as you explore.
You occasionally shout uncontrollably at your foes.
You are vulnerable to cold. (rC-)


Message History

You can't see any susceptible monsters within range! (Use Z to cast anyway.) Menkaure casts a spell at you.
You barely resist.
You can't see any susceptible monsters within range! (Use Z to cast anyway.)
You swap places.
You can't see any susceptible monsters within range! (Use Z to cast anyway.)
You can't see any susceptible monsters within range! (Use Z to cast anyway.)
You can't see any susceptible monsters within range! (Use Z to cast anyway.)
You can't see any susceptible monsters within range! (Use Z to cast anyway.)
You can't see any susceptible monsters within range! (Use Z to cast anyway.)
Casting: Necrotise (safe; 1% risk of failure)
Confirm with . or Enter, or press ? or * to list all spells.
You can't see any susceptible monsters within range! (Use Z to cast anyway.) Menkaure casts a spell at you.
Pain shoots through your body!
You hear the sound of rushing water.
There is an entrance to a sewer on this level.
Hurry and find it before the portal rusts away!
Level annotation: Menkaure Welcome back, jondeez the Human Necromancer.
Xom snickers.
Press ? for a list of commands and other information.
Menkaure misses you.
You hit Menkaure but do no damage. You hit Menkaure.
Menkaure is lightly damaged.
A scorpion comes into view.
Menkaure misses you.
You hit Menkaure.
Menkaure is lightly damaged.
Menkaure hits you!!
Ouch! That really hurt!
* * * LOW HITPOINT WARNING * * *
You barely miss Menkaure.
Menkaure is lightly damaged. "Hum-dee-hum-dee-hum..."
The scorpion is charmed.
You are now Xom's teddy bear.
Menkaure hits you!
You die...
Xom chuckles heartily!

#.^...^..^##.#........#
#...#####...#.#.........
##.+ #.#'.##...........
## ## #..###............
#. ###....(....s...... #
#.................... ##
###...#.............. ..
#...##....#......... ..
##.# ###.###@Z...... ..
... ####.# #.M...... ..
###. <(... .......## ..
#. ##...##.......# ..
##.............# ..
#.............## ...
#............. # ..
#............. .##.
#....#......


.bb You could see Menkaure (ally target), a friendly scorpion (charmed) and a
friendly kobold skeleton.

Vanquished Creatures
  An ogre (D:4)
  An iguana (D:4)
  3 adders (D:2)
  2 dart slugs (D:2)
  2 ribbon worms
  2 endoplasms
  3 giant cockroaches
  2 goblins
  5 hobgoblins
  3 ball pythons
  3 bats
  2 frilled lizards (D:3)
  5 kobolds
  4 rats
38 creatures vanquished.

Vanquished Creatures (collateral kills)
  A dart slug (D:2)
  3 ball pythons
  An endoplasm (D:1)
  A hobgoblin (D:4)
  A kobold (D:3)
  A butterfly (D:3)
8 creatures vanquished.

Grand Total: 46 creatures vanquished

Notes
Turn   | Place    | Note
-------+----------+-------------------------------------------
     0 | D:1      | jondeez the Human Necromancer began the quest for the Orb.
     0 | D:1      | Reached XP level 1. HP: 13/13 MP: 3/3
   222 | D:1      | Reached XP level 2. HP: 12/19 MP: 0/5
   609 | D:2      | Found a basalt altar of Yredelemnul.
   734 | D:2      | Reached XP level 3. HP: 24/24 MP: 4/6
  1086 | D:2      | Reached XP level 4. HP: 30/30 MP: 5/8
  1364 | D:3      | Found a glowing silver altar of Zin.
  1382 | D:3      | Found a shimmering altar of Xom.
  1416 | D:3      | Became a worshipper of Xom of Chaos
  1460 | D:3      | XOM: silly message
  1504 | D:3      | You fall into a shaft and drop 1 floor!
  1518 | D:4      | Noticed an ogre
  1519 | D:4      | XOM: snakes to sticks
  1524 | D:4      | Reached skill level 5 in Necromancy
  1525 | D:4      | XOM: chaos upgrade
  1530 | D:4      | XOM: give mutations
  1530 | D:4      | Gained mutation: You are vulnerable to cold. (rC-) [Xom's
                  | mischief]
  1530 | D:4      | Gained mutation: You occasionally shout uncontrollably at
                  | your foes. [Xom's mischief]
  1538 | D:4      | XOM: confusion (+ monsters)
  1547 | D:4      | Killed an ogre
  1548 | D:4      | Reached XP level 5. HP: 24/36 MP: 8/10
  1595 | D:4      | Noticed Menkaure
  1595 | D:4      | Found a burning altar of Makhleb.
  1595 | D:4      | Noticed a black bear
  1595 | D:4      | Found a sparkling altar of Nemelex Xobeh.
  1595 | D:4      | XOM: 7-stop teleportation journey
  1632 | D:4      | XOM: enchant monster (good)
  1632 | D:4      | Mangled by Menkaure

Illustrated notes

Levels and vault maps discovered:
D:1:      minmay_arrival_wavy_path, layout_basic, minmay_cut_off
D:2:      layout_rooms, basic_altar, minmay_pentomino_p2
D:3:      layout_loops_cross, xom_butterflies, lemuel_tele_altar,
          gammafunk_ghost_icy
D:4:      layout_cave_pools, nemelex_spade_bored_becter, lemuel_round_altar,
          mainiacjoe_sewer_entry_somewhere_in_here_2, uniq_menkaure

Skill      XL: |  1  2  3  4 |
---------------+-------------+-----
Necromancy     | 5 |  5.4
Spellcasting   | 3 |  3.5
Fighting       | |  0.3
Dodging        | |  2.3
Stealth        | |  2.0
Unarmed Combat | |  0.8

Action                     |  1- 3 |  4- 6 || total
---------------------------+-------+-------++-------
  Melee: Unarmed           |     8 |     2 ||    10
         Whip              |       |     6 ||     6
   Cast: Necrotise         |    45 |    45 ||    90
    Use: Scroll            |       |     9 ||     9
         Potion            |       |     6 ||     6
 Armour: Robe              |    13 |    42 ||    55
  Dodge: Dodged            |    24 |    62 ||    86
